AoeStats
← Faranight78000

Socotra

506704269Analyzed
2v2 RM · 19d ago on Sep 14, 2026· 21m 36s· 4 players
Game mode
Random Map
Map size
Tiny (2 player)
Population
200
Speed
Normal
Resources
Standard
Victory
Conquest
Starting age
Dark Age
Ending age
Imperial Age
RankedLock teamsTeams togetherTeam positionsShared explorationLock speedFull tech treeHidden civsTurbo modeCheats
Victory
Defeat
🇫🇷 Celts · France
981
+17
🇫🇷 Slavs · France
959
+18
🇦🇺 Aztecs · Australia
1007
-18
🇪🇸 Franks · Spain
1002
-17
Apex_predator
3:15 Loom
13:43 Feudal Age
15:03 Double-Bit Axe
silvap.javier
1:35 Loom
11:28 Feudal Age
14:42 Double-Bit Axe
16:31 Padded Archer Armor
17:11 Fletching
22:11 Castle Age
21:39 Scale Barding Armor
21:35 Gold Mining
Boeder
10:38 Loom
12:33 Feudal Age
17:17 Castle Age
15:45 Double-Bit Axe
16:28 Horse Collar
Faranight78000
3:37 Loom
13:31 Feudal Age
13:57 Double-Bit Axe
13:55 Horse Collar
17:32 Wheelbarrow
17:29 Scale Mail Armor
Connection lost

Rejoining the realm…

Still unreachable

The connection could not be restored.

Session expired

The server has moved on; the page needs a fresh start.